 Dungeon Crawl Stone Soup version 0.28.0-45-g0d030f2227 (webtiles) character file.

Game seed: 8400323789254013159

68 101zpm the Magician (level 4, 0/31 HPs)
             Began as a Djinni Ice Elementalist on Apr 11, 2022.
             Slain by Sigmund
             ... wielding a +0 vampiric scythe
              (7 damage)
             ... on level 3 of the Dungeon.
             The game lasted 00:04:40 (2730 turns).

101zpm the Magician (Djinni Ice Elementalist)       Turns: 2730, Time: 00:04:40

Health: 0/31       AC:  2    Str:  7    XL:     4   Next: 41%
Gold:   74         EV: 12    Int: 19    God:
                   SH:  0    Dex: 13

rFire   + + .      SeeInvis .   (no weapon)
rCold   x . .      Faith    .   (no shield)
rNeg    . . .      Spirit   .   a - +0 robe
rPois   ∞          Reflect  .   (no helmet)
rElec   .          Harm     .   (no cloak)
rCorr   .          Rampage  .   (no gloves)
Will    .....                   (boots unavailable)
Stlth   ++........              (no amulet)
HPRegen 0.10/turn               (no ring)
MPRegen 0.00/turn               (no ring)

@: freezing walls, flying
A: sickness immunity, fire resistance 2, cold vulnerability 1, float, innate
caster, HP casting, extra vitality 1
a: no special abilities


You were on level 3 of the Dungeon.
You visited 1 branch of the dungeon, and saw 3 of its levels.

You collected 74 gold pieces.

Inventory:

Armour
 a - a +0 robe (worn)
Scrolls
 b - a scroll of fear {unknown}
 c - a scroll of immolation {unknown}


   Skills:
 + Level 2.6 Dodging
 + Level 2.0 Stealth
 + Level 0.4 Unarmed Combat
 + Level 4.1 Spellcasting


You couldn't memorise any spells.
You knew the following spells:

 Your Spells              Type           Power      Damage    Failure   Level
a - Freeze                Ice            76%        1d9       2%          1
b - Frozen Ramparts       Ice            38%        1d5       8%          3
c - Ozocubu's Armour      Ice            19%        N/A       8%          3
d - Hailstorm             Conj/Ice       19%        3d6       24%         4
e - Slow                  Hex            76%        N/A       2%          1
Your spell library was empty.

Dungeon Overview and Level Annotations

Branches:
Dungeon (3/15)

Altars:

Shops:
D:1 [

Annotations:
D:3 Sigmund


Innate Abilities, Weirdness & Mutations

You are immune to sickness and miasma.
You are immune to poison.
Your flesh is very heat resistant. (rF++)
You are vulnerable to cold. (rC-)
You float through the air rather than walking.
You learn spells naturally, not from books.
Your magical power is your life essence.
You have superior vitality. (+4 MHP)


Message History

Press: ? - help, Q - select action, (/) - cycle Shift-Dir - straight line, f - adder
Aim: an adder (lightly wounded)
You freeze the adder.
The adder is severely wounded.
The wall freezes the adder.
The adder seems to slow down.
The adder closely misses you.
The wall freezes the adder.
You kill the adder!
The orc throws a boomerang.
The boomerang hits you.
Your Spellcasting skill increases to level 4!
Aiming: Freeze (safe; 2% risk of failure)
Press: ? - help, Q - select action, (/) - cycle Shift-Dir - straight line, f - adder
Aim: an adder (moderately wounded, slow)
You freeze the adder!
The adder is almost dead.
The adder seems to slow down.
The wall freezes the adder!
You kill the adder!
Your Stealth skill increases to level 2!
Aiming: Freeze (safe; 2% risk of failure)
Press: ? - help, Q - select action, (/) - cycle Shift-Dir - straight line, f - Sigmund
Aim: Sigmund, wielding a +0 vampiric scythe and wearing a +0 robe of willpower You freeze Sigmund!
Sigmund is moderately wounded.
The wall freezes the orc.
Aiming: Freeze (safe; 2% risk of failure)
Press: ? - help, Q - select action, (/) - cycle Shift-Dir - straight line, f/p - Sigmund
Aim: Sigmund, wielding a +0 vampiric scythe and wearing a +0 robe of willpower (moderately wounded)
You freeze Sigmund.
Sigmund is heavily wounded.
The wall freezes Sigmund.
Sigmund screams, "I am the angel of ZOT!!!"
Sigmund hits you with a +0 vampiric scythe!
* * * LOW HITPOINT WARNING * * *
The wall freezes the ball python.
You kill the ball python!
The wall freezes the orc.
Your frozen ramparts will break if you move.
Continue?
The wall freezes Sigmund.
Sigmund hits you with a +0 vampiric scythe!
You die...

#### ≈≈≈≈
###≈≈#≈#≈
#@..≈.≈≈≈
....oo@.......≈
.....†###......
...... ......
..... .....
..... .....
..#. .... ..#.
....


You could see Sigmund and 2 orcs.

Vanquished Creatures
  2 adders (D:3)
  3 dart slugs (D:1)
  6 ball pythons
  4 bats (D:1)
  5 endoplasms
  A giant cockroach (D:1)
  A goblin (D:1)
  4 hobgoblins
  4 jackals (D:1)
  3 kobolds
  A quokka (D:1)
  3 frilled lizards (D:1)
  4 rats (D:1)
41 creatures vanquished.

Notes
Turn   | Place    | Note
-------+----------+-------------------------------------------
     0 | D:1      | 101zpm the Djinni Ice Elementalist began the quest for the
                  | Orb.
     0 | D:1      | Reached XP level 1. HP: 15/15 MP: 0/0
   651 | D:1      | Reached XP level 2. HP: 20/21 MP: 0/0
  1434 | D:1      | Found a faded altar of an unknown god.
  1463 | D:1      | Reached XP level 3. HP: 12/25 MP: 0/0
  1463 | D:1      | Learned a level 1 spell: Slow
  1739 | D:1      | Found Siggaept's Armour Shoppe.
  2619 | D:2      | Reached XP level 4. HP: 21/31 MP: 0/0
  2722 | D:3      | Noticed Sigmund
  2726 | D:3      | Reached skill level 4 in Spellcasting
  2730 | D:3      | Slain by Sigmund

Illustrated notes

Levels and vault maps discovered:
D:1:      scummos_arrival_gate, layout_basic, dreamdust_ecumenical_altar_grove,
          serial_shops, nicolae_square_shop
D:2:      layout_basic, serial_shops, nicolae_shop_behind_doors
D:3:      layout_basic, lemuel_tele_altar, lightli_sewer_entry_pipes,
          st_stairs_9, serial_bayou_lake_a, uniq_sigmund

Skill      XL: |  1  2  3  4 |
---------------+-------------+-----
Spellcasting   | 4 |  4.1
Stealth        | 2 |  2.0
Dodging        | |  2.6
Unarmed Combat | |  0.4

Action                   |  1- 3 |  4- 6 || total
-------------------------+-------+-------++-------
Melee: Unarmed           |    47 |       ||    47
       Punch             |     1 |       ||     1
 Cast: Freeze            |    38 |     4 ||    42
       Frozen Ramparts   |     6 |     1 ||     7
 Stab: Sleeping          |     2 |       ||     2
Armor: Robe              |     9 |       ||     9
Dodge: Dodged            |    54 |     1 ||    55
